 Dungeon Crawl Stone Soup version 0.22-a0-521-gb1378044ac (webtiles) character file.

42 Anathary the Sneak (level 3, -1/25 HPs)
             Began as an Octopode Assassin on June 20, 2018.
             Slain by a goblin
             ... wielding a +0 dagger
             ... led by Robin
              (3 damage)
             ... on level 2 of the Dungeon.
             The game lasted 00:03:08 (1041 turns).

Anathary the Sneak (Octopode Assassin)              Turns: 1041, Time: 00:03:09

Health: -1/25      AC:  1    Str: 10    XL:     3   Next: 54%
Magic:  3/3        EV: 13    Int: 13    God:
Gold:   61         SH:  0    Dex: 14    Spells: 2/2 levels left

rFire    . . .     SeeInvis .   a - +2 dagger
rCold    . . .     Gourm    .   (no shield)
rNeg     + . .     Faith    .   (helmet restricted)
rPois    .         Spirit   .   (no amulet)
rElec    .         Reflect  .   e - ring of positive energy
rCorr    .         Harm     .   (no ring)
MR       .....                  (no ring)
Stlth    ++++......             (no ring)
HPRegen  0.08/turn              (no ring)
MPRegen  0.08/turn              (no ring)
                                (no ring)
                                (no ring)

@: no status effects
A: almost no armour, stealthy swim, amphibious, 8 rings, constrict 8, camouflage
1, gelatinous body 1
a: no special abilities


You were on level 2 of the Dungeon.
You were not hungry.

You visited 1 branch of the dungeon, and saw 2 of its levels.

You collected 61 gold pieces.

Inventory:

Hand Weapons
 a - a +2 dagger (weapon)
 b - a +0 blowgun
Missiles
 c - 8 poisoned needles
 d - 2 curare-tipped needles
Jewellery
 e - a ring of positive energy (left tentacle)
Scrolls
 g - a scroll of identify {unknown}
 h - a scroll of enchant armour {unknown}
 j - 3 scrolls of blinking {unknown}
Potions
 i - a potion of resistance {unknown}
 k - a potion of berserk rage {unknown}
 l - a potion of lignification {unknown}
Comestibles
 f - 2 rations


   Skills:
 + Level 2.4 Fighting
 + Level 2.0 Short Blades
 - Level 2.0 Throwing
 + Level 1.0 Dodging
 * Level 6.8 Stealth


You had 2 spell levels left.
You didn't know any spells.
Your spell library was empty.

Dungeon Overview and Level Annotations

Branches:
Dungeon (2/15)

Altars:

Annotations:
D:2 Robin


Innate Abilities, Weirdness & Mutations

You cannot wear most types of armour.
You are very stealthy in the water. (Stealth+)
You are amphibious.
You can wear up to eight rings at the same time.
You can use your tentacles to constrict eight enemies at once.
Your skin changes colour to match your surroundings (Stealth+).
Your rubbery body absorbs attacks. (AC +1, EV +1)


Message History

The goblin hits you.
You hit the goblin. Your grab misses the goblin.
The goblin is moderately wounded.
The goblin closely misses you. The goblin barely misses you.
You hit the goblin.
You kill the goblin!
Robin throws the goblin at you! The goblin hits you with a dagger.
The goblin hits you.
You hit the goblin.
You kill the goblin!
You hit Robin. You grab Robin.
Robin is moderately wounded.
You constrict Robin. The goblin hits you with a dagger.
* * * LOW HITPOINT WARNING * * *
Robin hits you with a club.
* * * LOW HITPOINT WARNING * * *
You hit the goblin. Your grab misses the goblin.
The goblin is heavily wounded.
You constrict Robin, but do no damage. The goblin hits you with a dagger.
You die...

#.### #.#.. #.#.##
######## #.#..
#......#######.#g#
.............#.#@# .#
#......#####.#.#g#...#
..................>.<#
....#..#####.#.......#
<............#.........#
.####.##################
.. .... .####.#... .#
#.#....


You could see Robin and a goblin.

Vanquished Creatures
  An ooze (D:1)
  A dart slug (D:1)
  3 giant cockroaches (D:1)
  5 hobgoblins (D:1)
  3 jackals (D:1)
  2 bats
  2 frilled lizards (D:1)
  6 goblins
  5 kobolds (D:1)
  6 rats (D:1)
34 creatures vanquished.

Notes
Turn   | Place    | Note
-------+----------+-------------------------------------------
     0 | D:1      | Anathary the Octopode Assassin began the quest for the Orb.
     0 | D:1      | Reached XP level 1. HP: 14/14 MP: 1/1
    55 | D:1      | Reached XP level 2. HP: 17/19 MP: 2/2
    64 | D:1      | Reached skill level 6 in Stealth
   312 | D:1      | Reached XP level 3. HP: 14/24 MP: 3/3
  1028 | D:2      | Noticed Robin
  1041 | D:2      | Slain by a goblin

Vault maps used:
D:1:      matt_arrival_refuge, feat_on_display
D:2:      first_ration, uniq_robin

Skill      XL: |  1  2 |
---------------+-------+-----
Stealth        | 6 |  6.8
Fighting       | |  2.4
Short Blades   | |  2.0
Throwing       | |  2.0
Dodging        | |  1.0

Action                   || total
-------------------------++-------
Melee: Dagger            ||    61
       Constrict         ||    19
       Tentacles         ||    10
 Stab: Sleeping          ||     4
Armor: Skin              ||     8
Dodge: Dodged            ||    35

Table legend:
 A = Spawn XP
 B = Non-spawn XP
 C = Spawn XP percentage of total XP
 D = Spawn monster count
 E = Non-spawn monster count
 F = Spawn count percentage of total count
 G = Total turns spent on level
                    A         B        C        D         E        F      G
               +---------+---------+-------+---------+---------+-------+---------
         Total |       0 |      60 |   0.0 |       0 |      34 |   0.0 |  1041
               +---------+---------+-------+---------+---------+-------+---------
           D:1 |       0 |      49 |   0.0 |       0 |      28 |   0.0 |  1000
           D:2 |       0 |      11 |   0.0 |       0 |       6 |   0.0 |    41
               +---------+---------+-------+---------+---------+-------+---------
